 Dungeon Crawl Stone Soup version 0.30-a0-168-g0b976cbdc4 (webtiles) character file.

Game seed: 8989744141184970989

56 qw the Chopper (level 3, 0/23 HPs)
             Began as a Gargoyle Fighter on Sept 29, 2022.
             Killed by nerve-wracking pain
             ... invoked by an orc priest
              (1 damage)
             ... on level 3 of the Dungeon.
             The game lasted 00:00:36 (1938 turns).

qw the Chopper (Gargoyle Fighter)                   Turns: 1938, Time: 00:00:37

Health: 0/23       AC: 11    Str: 21    XL:     3   Next: 95%
Magic:  3/3        EV:  9    Int:  8    God:
Gold:   74         SH:  4    Dex:  9    Spells: 2/2 levels left

rFire   . . .      SeeInvis .    Y - +0 war axe
rCold   . . .      Faith    .    c - +0 buckler
rNeg    + + .      Spirit   .    b - +0 scale mail
rPois   inf        Reflect  .    (no helmet)
rElec   +          Harm     .    g - +0 cloak
rCorr   .          Rampage  .    (no gloves)
Will    .....                    (no boots)
Stlth   ..........               (no amulet)
HPRegen 0.07/turn                f - ring of positive energy
MPRegen 0.08/turn                (no ring)

@: no status effects
A: sickness immunity, AC +3, negative energy resistance 1, electricity
resistance, torment resistance 1, petrification resistance
a: no special abilities


You were on level 3 of the Dungeon.
You visited 1 branch of the dungeon, and saw 3 of its levels.

You collected 74 gold pieces.


Innate Abilities, Weirdness & Mutations

You are immune to sickness and miasma.
Your stone body is resilient. (AC +3)
You are immune to poison.
You resist negative energy. (rN+)
You are resistant to electric shocks. (rElec)
You are resistant to unholy torment.
You are immune to petrification.


   Skills:
 - Level 3.2 Fighting
 + Level 3.7 Axes
 - Level 3.2 Armour
 - Level 3.2 Shields


You had 2 spell levels left.
You didn't know any spells.
Your spell library was empty.

Inventory:

Hand Weapons
 e - a +0 club
 Y - a +0 war axe (weapon)
Missiles
 j - 6 boomerangs (quivered)
Armour
 b - a +0 scale mail (worn)
 c - a +0 buckler (worn)
 g - a +0 cloak (worn)
Jewellery
 f - a ring of positive energy (left hand)
 m - a ring of wizardry
Scrolls
 a - 2 scrolls of identify
 l - a scroll of teleportation {unknown}
Potions
 d - a potion of might
 h - a potion of degeneration {unknown}
 i - a potion of resistance {unknown}
 k - a potion of curing {unknown}

Dungeon Overview and Level Annotations

Branches:
Dungeon (3/15)

Altars:
Makhleb
Uskayaw
Yredelemnul


Message History

You closely miss the orc wizard. You closely miss the goblin.
The goblin hits you with a +0 club.
The orc wizard points at you and mumbles some strange words.
The magic dart hits you!
You barely miss the orc wizard. You barely miss the goblin.
The goblin closely misses you. The orc wizard closely misses you.
The goblin hits you but does no damage.
You hit the orc wizard but do no damage.
You closely miss the goblin. The orc wizard closely misses you.
The orc priest hits you but does no damage.
The goblin hits you but does no damage.
The orc wizard hits you but does no damage.
An orc comes into view. It is wielding a +0 club.
The orc priest closely misses you.
You slash the orc wizard!
The orc wizard is heavily wounded.
You hit the goblin but do no damage. You block the goblin's attack.
The orc wizard gestures wildly while chanting.
The orc wizard flickers and vanishes!
Deactivating autopickup; reactivate with Ctrl-A.
The orc priest completely misses you. The goblin closely misses you.
You slash the goblin!
You kill the goblin!
You miss something. Something hits you. The orc priest barely misses you.
Found a hide-covered altar of Uskayaw.
Something hits you but does no damage.
The orc priest invokes the aid of Beogh against you.
Pain shoots through your body!
Things that are here:
a +0 club; a goblin corpse You slash the orc priest!
The orc priest is severely wounded.
You closely miss something. Something hits you.
The orc priest mumbles some strange prayers to Beogh against you.
Pain shoots through your body!
You die...

..... .....##.........#
.##.# ####............#
.# ................# .#
...########.........#
.##... #..)..........
.....# #.............
.##..#### #.............
........###...#........~
...............{@..o....
.(......#.....¤¤.o......
..###......¤~¤¤~¤~.~¤¤~~
.........#.~..¤.$¤.....~
...##......~.~~~.¤~¤¤~¤¤
..###.###..~.~_~.¤..¤¤¤~
..# #.# #.¤~.~.~.~.¤¤~.~
..###.# .~.~¤¤.~.~¤~¤~
.###..###..~


You could see an orc priest and an orc.

Vanquished Creatures
  An adder (D:3)
  A worm (D:3)
  3 dart slugs
  5 endoplasms
  2 giant cockroaches
  2 hobgoblins
  2 jackals (D:1)
  4 quokkas
  A ball python (D:1)
  3 bats
  3 frilled lizards
  4 goblins
  3 kobolds (D:1)
  A rat (D:1)
35 creatures vanquished.

Notes
Turn   | Place    | Note
-------+----------+-------------------------------------------
     0 | D:1      | qw the Gargoyle Fighter began the quest for the Orb.
     0 | D:1      | Reached XP level 1. HP: 14/14 MP: 1/1
     0 | D:1      | 0 ||| qw: Version: 0.2-a-12-gaebbb33
     0 | D:1      | 0 ||| qw: Game counter: 1148
     0 | D:1      | 0 ||| qw: Always use a shield: true
     0 | D:1      | 0 ||| qw: God list: Okawaru
     0 | D:1      | 0 ||| qw: Allow faded altars: false
     0 | D:1      | 0 ||| qw: Do Orc after D:15 true
     0 | D:1      | 0 ||| qw: Do second Lair branch before Depths: true
     0 | D:1      | 0 ||| qw: Lair rune preference: random
     0 | D:1      | 0 ||| qw: Plans: Normal, Zot:1-4, God:TSO, Crypt, Tomb,
                  | Pan, Slime:5, Hells, Abyss, Orb
     0 | D:1      | 0 ||| PLANNING D:1-11
    10 | D:1      | 10 ||| Stepping ~*~*~tactically~*~*~ (stealth).
    12 | D:1      | 12 ||| Stepping ~*~*~tactically~*~*~ (stealth).
    20 | D:1      | 20 ||| Stepping ~*~*~tactically~*~*~ (stealth).
    51 | D:1      | Reached XP level 2. HP: 19/19 MP: 2/2
   231 | D:1      | Reached skill level 3 in Axes
   499 | D:1      | Reached XP level 3. HP: 20/23 MP: 3/3
   585 | D:1      | 585 ||| Stepping ~*~*~tactically~*~*~ (hiding).
   586 | D:1      | 586 ||| Stepping ~*~*~tactically~*~*~ (hiding).
   773 | D:1      | 773 ||| UPGRADING to ring of positive energy.
   774 | D:1      | 774 ||| READING 2 scrolls labelled ATIPRA DEESTROQOBB.
   775 | D:1      | 775 ||| READING scroll labelled TAITYI FOWULA.
   961 | D:2      | 961 ||| Stepping ~*~*~tactically~*~*~ (hiding).
  1373 | D:2      | Found a faded altar of an unknown god.
  1614 | D:2      | 1614 ||| UPGRADING to +0 cloak.
  1655 | D:3      | 1655 ||| Stepping ~*~*~tactically~*~*~ (stealth).
  1657 | D:3      | 1657 ||| Stepping ~*~*~tactically~*~*~ (stealth).
  1660 | D:3      | 1660 ||| Stepping ~*~*~tactically~*~*~ (stealth).
  1662 | D:3      | 1662 ||| Stepping ~*~*~tactically~*~*~ (stealth).
  1664 | D:3      | 1664 ||| Stepping ~*~*~tactically~*~*~ (stealth).
  1670 | D:3      | 1670 ||| Stepping ~*~*~tactically~*~*~ (stealth).
  1671 | D:3      | 1671 ||| Stepping ~*~*~tactically~*~*~ (stealth).
  1672 | D:3      | 1672 ||| Stepping ~*~*~tactically~*~*~ (stealth).
  1673 | D:3      | 1673 ||| Stepping ~*~*~tactically~*~*~ (stealth).
  1674 | D:3      | 1674 ||| Stepping ~*~*~tactically~*~*~ (stealth).
  1721 | D:3      | 1721 ||| Stepping ~*~*~tactically~*~*~ (stealth).
  1807 | D:3      | Found a basalt altar of Yredelemnul.
  1927 | D:3      | Found a burning altar of Makhleb.
  1932 | D:3      | HP: 5/23 [orc wizard/magic dart (7)]
  1937 | D:3      | Found a hide-covered altar of Uskayaw.
  1937 | D:3      | HP: 2/23 [orc priest/nerve-wracking pain (3)]
  1938 | D:3      | Killed from afar by an orc priest

Levels and vault maps discovered:
D:1:      minmay_arrival_arboretum_small, layout_rooms
D:2:      layout_loops_ring, hellmonk_ecumenical_altar_lost_god,
          wander_ebering_terrifying_dragon_lair
D:3:      layout_rooms, mainiacjoe_overflow_paths,
          mainiacjoe_overflow_catwalk_spiral, moated_statue, grunt_decor_cap,
          skrybe_limestone_x, hex_large, chequers_serial_rivers_micro_e,
          serial_bayou_pond_e, uniq_robin

Skill      XL: |  1  2 |
---------------+-------+-----
Axes           | 2 3 |  3.7
Fighting       | |  3.2
Armour         | |  3.2
Shields        | |  3.2

Action                   || total
-------------------------++-------
Melee: War axe           ||   105
Throw: Boomerang         ||    11
  Use: Scroll            ||     2
Armor: Scale mail        ||    50
Dodge: Dodged            ||    59
Block: Buckler           ||    19

Table legend:
 A = Non-vault XP
 B = Vault XP
 C = Vault XP percentage of total XP
 D = Non-vault monster count
 E = Vault monster count
 F = Vault count percentage of total count
                 A         B        C        D         E       F
            +---------+---------+-------+---------+---------+-------
      Total |      79 |       1 |   1.2 |      34 |       1 |   2.9
            +---------+---------+-------+---------+---------+-------
        D:1 |      41 |       0 |   0.0 |      22 |       0 |   0.0
        D:2 |       7 |       1 |  12.5 |       3 |       1 |  25.0
        D:3 |      31 |       0 |   0.0 |       9 |       0 |   0.0
            +---------+---------+-------+---------+---------+-------
